 Dungeon Crawl Stone Soup version 0.27-a0-1206-g6342a01c75 (webtiles) character file.

Game seed: 14297678711960539515

1596 Feb132020 the Magician (level 8, -10/43 HPs)
             Began as a Deep Elf Conjurer on June 3, 2021.
             Was a High Priest of Jiyva.
             Mangled by a wyvern skeleton (14 damage)
             ... on level 7 of the Dungeon on June 5, 2021.
             The game lasted 00:27:38 (6787 turns).

Feb132020 the Magician (Deep Elf Conjurer)          Turns: 6787, Time: 00:27:39

Health: -10/43     AC:  3    Str:  7    XL:     8   Next: 62%
Magic:  18/21      EV: 13    Int: 24    God:    Jiyva [*****.]
Gold:   84         SH:  0    Dex: 12    Spells: 16/22 levels left

rFire    . . .     SeeInvis .   e - +0 dagger
rCold    . . .     Faith    .   (no shield)
rNeg     . . .     Spirit   .   a - +1 robe
rPois    .         Reflect  .   (no helmet)
rElec    .         Harm     .   m - scarf {repulsion}
rCorr    +         Rampage  .   (no gloves)
Will     .....                  (no boots)
Stlth    +++.......             (no amulet)
HPRegen  0.00/turn              (no ring)
MPRegen  0.17/turn              (no ring)

@: repel missiles
A: inhibited regeneration, jelly absorbing missiles
a: Renounce Religion, Request Jelly, Slimify, Cure Bad Mutation


You were on level 7 of the Dungeon.
You worshipped Jiyva.
Jiyva was extremely pleased with you.
You visited 1 branch of the dungeon, and saw 7 of its levels.
You also visited: Sewer.

You collected 108 gold pieces.
You spent 24 gold pieces at shops.

Inventory:

Hand Weapons
 e - a +0 dagger (weapon)
Armour
 a - a +1 robe (worn)
 m - a scarf of repulsion (worn)
Wands
 j - a wand of digging (1)
Scrolls
 c - a scroll of blinking
 d - 2 scrolls of teleportation {unknown}
 i - a scroll of acquirement {unknown}
 k - a scroll of summoning {unknown}
 l - a scroll of magic mapping
 n - a scroll of noise {unknown}
Potions
 b - 6 potions of curing
 f - 4 potions of flight
 g - 2 potions of heal wounds {unknown}
 h - a potion of brilliance {unknown}


   Skills:
 + Level 1.0 Fighting
 + Level 2.6 Short Blades
 + Level 3.6 Dodging
 + Level 6.5 Stealth
 + Level 7.8 Spellcasting
 + Level 7.7 Conjurations
 * Level 4.9 Hexes


You had 16 spell levels left.
You knew the following spells:

 Your Spells              Type           Power      Damage    Failure   Level
a - Magic Dart            Conj           100%       1d8       1%          1
b - Searing Ray           Conj           92%        3d6       1%          2
c - Dazzling Flash        Conj/Hex       78%        N/A       1%          3

Your spell library contained the following spells:

 Spells                   Type           Power      Damage    Failure   Level
 Slow                     Hex            33%        N/A       1%          2
 Confusing Touch          Hex            33%        N/A       2%          3
 Conjure Flame            Conj/Fire      28%        6-21      4%          3
 Fulminant Prism          Conj/Hex       19%        3d11      4%          4
 Mephitic Cloud           Conj/Pois/Air  21%        N/A       7%          3
 Blink                    Tloc           N/A        N/A       10%         2
 Call Imp                 Summ           9%         N/A       10%         2
 Iskenderun's Mystic Bla  Conj/Tloc      28%        2d7       13%         4
 Gell's Gravitas          Tloc           4%         N/A       21%         3
 Petrify                  Tmut/Erth      9%         N/A       54%         4
 Metabolic Englaciation   Hex/Ice        10%        N/A       54%         5
 Yara's Violent Unravell  Hex/Tmut       10%        3d6       54%         5


Dungeon Overview and Level Annotations

Branches:
Dungeon (7/15)             Temple (0/1) D:4           Sewer (visited)

Altars:
Zin
Jiyva

Shops:
D:2 ?=:?   D:3 :**

Annotations:
D:6 1 runed translucent door, exclusion: manticore, Gilette's ghost, novice HOFi


Innate Abilities, Weirdness & Mutations

You do not regenerate when monsters are visible.
You have a small jelly attached to you that may absorb incoming projectiles.


Message History

The wyvern skeleton is lightly damaged.
The wyvern skeleton barely misses you. The wyvern skeleton misses you.
You hit the wyvern skeleton.
The wyvern skeleton is moderately damaged.
The wyvern skeleton bites you.
You barely miss the wyvern skeleton.
The wyvern skeleton is moderately damaged.
The wyvern skeleton bites you!
You hit the wyvern skeleton but do no damage.
The wyvern skeleton is moderately damaged.
The wyvern skeleton completely misses you.
You hit the wyvern skeleton but do no damage.
The wyvern skeleton is moderately damaged.
The wyvern skeleton bites you.
You hit the wyvern skeleton.
The wyvern skeleton is moderately damaged.
The wyvern skeleton bites you but does no damage.
Jiyva's power touches on your attributes.
You feel agile.
You feel stupid.
You hit the wyvern skeleton.
The wyvern skeleton is moderately damaged.
The wyvern skeleton barely misses you. The wyvern skeleton closely misses you.
You barely miss the wyvern skeleton.
The wyvern skeleton is moderately damaged.
The wyvern skeleton bites you!
* * * LOW HITPOINT WARNING * * *
Cast which spell? (? or * to list)
Aiming: Searing Ray (safe; 1% risk of failure)
Press: ? - help, Shift-Dir - straight line, f - wyvern skeleton
Aim: a wyvern skeleton (moderately damaged, 98% to hit)
The searing ray hits the wyvern skeleton!
The wyvern skeleton is heavily damaged. (Press . to maintain the ray.)
The wyvern skeleton bites you!
* * * LOW HITPOINT WARNING * * *
The searing ray hits the wyvern skeleton!
The wyvern skeleton is severely damaged.
The wyvern skeleton bites you!
You die...

......# ... ##.... .......#
..# #.... .......# ##.#
#.... ......## ##..###
#.... #.....#
##.....####....
##.....###..............
####..........#...###......
#............#...## ##.....
.........Z@.##...# #..###.
.........##......# ##.## #
#######..###.....###..#
#..# ##........## ##.#
##.......# #.# #........#
#.. #...##...## #..#...#
####.. ....# .#.


You could see a wyvern skeleton.

Vanquished Creatures
  Pikel (D:6)
  An orc warrior (D:6)
  A sky beast (D:6)
  A black bear (D:6)
  2 ogres (D:5)
  2 necrophages (D:5)
  2 lemures (D:6)
  A scorpion (D:2)
  A wight (D:6)
  2 hounds (D:5)
  An orc priest (D:5)
  Natasha (twice) (D:3)
  2 orc wizards
  An iguana (D:6)
  3 gnolls (D:3)
  6 adders
  6 river rats (Sewer)
  An ufetubus (D:5)
  2 dart slugs
  11 orcs
  An endoplasm (D:1)
  5 giant cockroaches
  3 goblins
  3 hobgoblins (D:1)
  5 jackals
  2 quokkas
  10 ball pythons
  5 bats
  3 frilled lizards
  14 kobolds
  18 rats
118 creatures vanquished.

Vanquished Creatures (others)
  Edmund (D:4)
  A kobold brigand (Sewer)
  A bullfrog (D:6)
  A water moccasin zombie (D:5)
  2 wights (D:6)
  2 hounds
  An orc priest (D:3)
  12 jellies
  Natasha (D:3)
  4 orc wizards
  A gnoll (D:2)
  5 adders
  A worm (D:2)
  A dart slug (D:4)
  3 endoplasms
  9 orcs
  2 bats
  4 hobgoblins
  2 jackals
  7 kobolds
  7 ball pythons
  4 frilled lizards
  A goblin (D:4)
  9 rats
  2 butterflies (D:4)
84 creatures vanquished.

Grand Total: 202 creatures vanquished

Notes
Turn   | Place    | Note
-------+----------+-------------------------------------------
     0 | D:1      | Feb132020 the Deep Elf Conjurer began the quest for the
                  | Orb.
     0 | D:1      | Reached XP level 1. HP: 10/10 MP: 6/6
   324 | D:1      | Reached XP level 2. HP: 15/15 MP: 5/8
   372 | D:1      | Learned a level 2 spell: Searing Ray
   408 | D:1      | Reached skill level 5 in Conjurations
   661 | D:1      | Found a faded altar of an unknown god.
   671 | D:1      | Became a worshipper of Jiyva Jegetehe the Shapeless
   671 | D:1      | Reached * piety under Jiyva
   932 | D:1      | Reached XP level 3. HP: 19/19 MP: 6/9
  1017 | D:1      | You fall into a shaft and drop 1 floor!
  1290 | D:2      | Reached ** piety under Jiyva
  1329 | D:2      | Noticed a scorpion
  1335 | D:2      | Killed a scorpion
  1336 | D:2      | Reached XP level 4. HP: 24/24 MP: 3/12
  1558 | D:2      | Found Ramyb's Magic Scroll Shop.
  1566 | D:2      | Bought a scroll of identify for 24 gold pieces
  1610 | D:2      | Found Siopp's Book Shop.
  1660 | D:2      | Found Puczaim's Jewellery Emporium.
  1808 | D:2      | Found Qiyptued's Magic Scroll Shop.
  2069 | D:3      | Found a glowing drain.
  2081 | Sewer    | Entered a sewer
  2259 | Sewer    | Reached XP level 5. HP: 28/28 MP: 3/13
  2986 | D:3      | Reached skill level 5 in Spellcasting
  3199 | D:3      | Found Dehios's Assorted Antiques.
  3543 | D:3      | Found Owaaxzuc's Book Shop.
  3575 | D:3      | Noticed Natasha
  3579 | D:3      | Killed Natasha
  3600 | D:3      | Found Zin's Purification Station.
  3602 | D:3      | Found a glowing silver altar of Zin.
  3642 | D:3      | Killed Natasha
  3763 | D:3      | Noticed Natasha
  3770 | D:3      | Killed Natasha
  3771 | D:3      | Reached XP level 6. HP: 30/32 MP: 7/15
  4012 | D:4      | Reached *** piety under Jiyva
  4018 | D:4      | Reached skill level 1 in Short Blades
  4048 | D:4      | Gained mutation: You have a small jelly attached to you
                  | that may absorb incoming projectiles. [Jiyva's grace]
  4133 | D:4      | Found a staircase to the Ecumenical Temple.
  4171 | D:4      | Learned a level 3 spell: Dazzling Flash
  4672 | D:5      | Entered Level 5 of the Dungeon
  4682 | D:5      | Reached skill level 1 in Hexes
  4791 | D:5      | Reached XP level 7. HP: 36/36 MP: 12/17
  4915 | D:5      | Noticed Edmund
  5158 | D:5      | Reached **** piety under Jiyva
  5546 | D:4      | Killed Edmund
  5547 | D:4      | Reached skill level 5 in Stealth
  5970 | D:6      | Noticed Pikel
  5979 | D:6      | Killed Pikel
  5980 | D:6      | Reached skill level 1 in Fighting
  5980 | D:6      | Reached XP level 8. HP: 37/43 MP: 11/21
  6052 | D:6      | Reached ***** piety under Jiyva
  6060 | D:6      | Noticed a manticore
  6062 | D:6      | Gained mutation: You do not regenerate when monsters are
                  | visible. [Jiyva's grace]
  6209 | D:6      | Noticed Gilette's ghost (novice HOFi)
  6218 | D:6      | Found a runed translucent door.
  6656 | D:6      | Upgraded the game from 0.27-a0-1202-ge72e49191c to
                  | 0.27-a0-1206-g6342a01c75
  6787 | D:7      | Mangled by a wyvern skeleton

Illustrated notes

Levels and vault maps discovered:
D:1:      minmay_arrival_stone_box, layout_basic,
          ebering_ecumenical_altar_sacrificial
D:2:      layout_basic, serial_shops, nicolae_shop_behind_doors, shop, shop,
          shop, minmay_hexomino_c4
D:3:      cheibrodos_helix_gallery, layout_basic, zin_purify, serial_shops,
          shop, nicolae_shop_trees, gup_sewer_entry_bubbles,
          kennysheep_generic_room_11, uniq_natasha
D:4:      layout_loops_ring, minmay_temple_entry_butterflies
D:5:      layout_gridville, uniq_edmund
D:6:      layout_gridville, hellmonk_ghost_happy_afterlife, uniq_pikel
D:7:      layout_layer_cave

Skill      XL: |  1  2  3  4  5  6  7 |
---------------+----------------------+-----
Conjurations   | 5 6 7 |  7.7
Spellcasting   | 4 5 7 |  7.8
Stealth        | 3 4 6 |  6.5
Dodging        | 3 |  3.6
Short Blades   | 1 2 |  2.6
Hexes          | 1 4 |  4.9
Fighting       | 1 |  1.0

Action                   |  1- 3 |  4- 6 |  7- 9 || total
-------------------------+-------+-------+-------++-------
Melee: Dagger            |     1 |    26 |    13 ||    40
 Cast: Magic Dart        |    51 |    52 |    31 ||   134
       Searing Ray       |     3 |    27 |    23 ||    53
  Use: Scroll            |       |     5 |     1 ||     6
       Potion            |       |     1 |       ||     1
 Stab: Sleeping          |     1 |     4 |       ||     5
Armor: Robe              |     1 |    15 |     2 ||    18
Dodge: Dodged            |    13 |    27 |    23 ||    63

Table legend: (Time is in decaauts)
 A = Elapsed time spent in this place.
 B = Non-inter-level travel time spent in this place.
 C = Inter-level travel time spent in this place.
 D = Time resting spent in this place.
 E = Time spent auto-exploring this place.
 F = Levels seen in this place.
 G = Mean time per level.
                   A        B        C        D        E       F      G
               +--------+--------+--------+--------+--------+-----+--------+
         Total |   6841 |   6580 |    261 |    150 |   5468 |   8 |  855.1 |
       Dungeon |   5974 |   5713 |    261 |     54 |   4858 |   7 |  853.4 |
         Sewer |    866 |    866 |      0 |     96 |    609 |   1 |  866.0 |
               +--------+--------+--------+--------+--------+-----+--------+

Top non-repeatable levels by time:
     D:1: 1243 daAuts
     D:3: 1134 daAuts
     D:5: 1059 daAuts
     D:6: 893 daAuts
   Sewer: 866 daAuts
     D:4: 839 daAuts
     D:2: 709 daAuts
     D:7: 96 daAuts
